 Dungeon Crawl Stone Soup version 0.30.1-4-g462c640d31 (webtiles) character file.

Game seed: 218187922045229904

1169 Ninjinzu the Cutter (level 8, -1/61 HPs)
             Began as a Demonspawn Berserker on Sept 15, 2023.
             Was a Priest of Trog.
             Slain by an orc warrior
             ... wielding a +0 trident
              (12 damage)
             ... on level 6 of the Dungeon.
             The game lasted 00:18:00 (5201 turns).

Ninjinzu the Cutter (Demonspawn Berserker)          Turns: 5201, Time: 00:18:00

Health: -1/61      AC: 16    Str: 25    XL:     8   Next: 17%
Magic:  8/8        EV: 12    Int:  9    God:    Trog [***...]
Gold:   273        SH:  0    Dex: 13    Spells: 7/7 levels left

rFire   . . .        z - +1 dagger (venom)
rCold   . . .        (no shield)
rNeg    . . .        v - +0 ring mail
rPois   .            (no helmet)
rElec   .            f - +2 cloak
rCorr   .            (no gloves)
SInv    .            (no boots)
Will    .....        (no amulet)
Stlth   +            G - +4 ring of protection
HPRegen 0.30/turn    p - +6 ring of strength
MPRegen 0.11/turn

%: no passive effects
@: on berserk cooldown, slowed, very slow
A: slimy green scales 2, demonic guardian 1, demonic magic 1
a: Renounce Religion, Berserk, Trog's Hand


You were on level 6 of the Dungeon.
You worshipped Trog.
Trog was most pleased with you.
You visited 1 branch of the dungeon, and saw 6 of its levels.

You collected 381 gold pieces.
You spent 108 gold pieces at shops.

Inventory:

Hand Weapons
 a - a +0 short sword
 j - a +0 dagger of venom
 z - a +1 dagger of venom (weapon)
Missiles
 C - a throwing net (quivered)
Armour
 b - a +0 animal skin
 f - a +2 cloak (worn)
 v - a +0 ring mail (worn)
Jewellery
 p - a +6 ring of strength (right hand)
 D - an amulet of magic regeneration
 G - a +4 ring of protection (left hand)
Wands
 k - a wand of roots (26)
 s - a wand of mindburst (9)
Scrolls
 c - 3 scrolls of identify
 e - a scroll of immolation {unknown}
 g - a scroll of noise {unknown}
 i - 2 scrolls of fear {unknown}
 l - a scroll of brand weapon {unknown}
 n - 4 scrolls of amnesia {unknown}
 q - 2 scrolls of teleportation {unknown}
 r - a scroll of enchant weapon {unknown}
 y - a scroll of blinking {unknown}
 A - 2 scrolls of vulnerability {unknown}
Potions
 d - 2 potions of degeneration
 h - a potion of mutation {unknown}
 m - a potion of haste {unknown}
 t - a potion of magic {unknown}
 u - 2 potions of cancellation
 w - a potion of brilliance {unknown}
 x - 2 potions of lignification {unknown}
 B - a potion of resistance {unknown}
 E - a potion of might {unknown}
 F - a potion of curing {unknown}


   Skills:
 + Level 4.8 Fighting
 + Level 6.2 Short Blades
 + Level 4.5 Armour
 + Level 4.0 Dodging
 + Level 1.9 Stealth


You had 7 spell levels left.
You didn't know any spells.
Your spell library was empty.

Dungeon Overview and Level Annotations

Branches:
Dungeon (6/15)             Temple (0/1) D:4

Altars:
Okawaru
Vehumet

Shops:
D:3 *[=([

Annotations:
D:6 Sigmund


Innate Abilities, Weirdness & Mutations

You are mostly covered in slimy green scales. (AC +3)
A weak demonic guardian rushes to your aid.
Spells you cast may paralyse adjacent enemies.


Message History

Your quasit claws the sky beast but does no damage.
The sky beast hits your quasit. The sky beast shocks your quasit.
Your quasit closely misses the sky beast.
Your quasit claws the sky beast but does no damage.
Your quasit barely misses the sky beast.
The sky beast misses your quasit.
Your quasit bites the sky beast but does no damage.
Your quasit closely misses the sky beast.
Your quasit barely misses the sky beast.
Your quasit closely misses the sky beast.
Your quasit claws the sky beast.
The sky beast dies!
Trog accepts your kill.
Your quasit barely misses the orc warrior.
Your quasit claws the orc warrior but does no damage.
Your quasit misses the orc warrior.
The orc warrior hits your quasit with a +0 trident!
Your quasit dies!
Your quasit disappears in a puff of smoke!
Your Dodging skill increases to level 4!
A sleepcap comes into view.
The sleepcap moves out of view.
The sleepcap completely misses you.
You hit the sleepcap.
The sleepcap is lightly damaged.
The orc warrior hits you from afar with a +0 trident.
* * * LOW HITPOINT WARNING * * *
The sleepcap releases spores at you but does no damage.
You hit the sleepcap but do no damage.
The sleepcap is lightly damaged.
The orc warrior hits you from afar with a +0 trident.
* * * LOW HITPOINT WARNING * * *
The sleepcap misses you. Something hits you.
* * * LOW HITPOINT WARNING * * *
A demonic guardian appears!
Deactivating autopickup; reactivate with Ctrl-A.
You hit the sleepcap.
The sleepcap is lightly damaged.
The orc warrior hits you from afar with a +0 trident!
You die...

.~..~ ##.o.## ..# ...
##'## ..
############{#
###.#........o.#
#$........####.#######
#.#######.###........#
#.# #o.......##.######
#.# #.##....###.......
#.# #@##.).## ########
#o# #f##.#.# #.#
####5...#.#
#.####......##.#
#....@.#######.####
#########.# #.....#
.P~ #..##.#
###P.P##..##.#
..#P.~##..##.#


You could see an orc warrior, a sleepcap (ally target) and a friendly quasit
(summoned).

Vanquished Creatures
  An ice beast (D:5)
  A black bear (D:5)
  A kobold brigand (D:6)
  A phantom (D:5)
  Blork the orc (D:4)
  3 scorpions
  3 hounds (D:5)
  An orc priest (D:4)
  2 jellies (D:5)
  2 iguanas
  An orc wizard (D:5)
  4 gnolls (D:4)
  6 adders
  A shadow imp (D:6)
  A worm (D:5)
  A dart slug (D:1)
  16 orcs
  10 ball pythons
  7 endoplasms
  4 giant cockroaches
  7 goblins
  3 hobgoblins
  11 kobolds
  4 quokkas
  2 bats (D:2)
  4 frilled lizards (D:3)
  3 rats
101 creatures vanquished.

Vanquished Creatures (collateral kills)
  A sky beast (D:6)
  An orc priest (D:6)
  A jelly (D:4)
  Jessica (D:2)
  A ball python (D:1)
5 creatures vanquished.

Grand Total: 106 creatures vanquished

Notes
Turn   | Place    | Note
-------+----------+-------------------------------------------
     0 | D:1      | Ninjinzu the Demonspawn Berserker began the quest for the
                  | Orb.
     0 | D:1      | Reached XP level 1. HP: 18/18 MP: 1/1
   226 | D:1      | Gained mutation: A weak demonic guardian rushes to your
                  | aid. [demonic ancestry]
   226 | D:1      | Reached XP level 2. HP: 21/24 MP: 2/2
   288 | D:1      | Reached skill level 3 in Short Blades
   798 | D:1      | Noticed an eye of devastation
   800 | D:1      | Found a faded altar of an unknown god.
   802 | D:1      | Noticed a golden eye
   817 | D:1      | Noticed a golden eye
   830 | D:1      | Noticed a golden eye
  1116 | D:2      | Noticed Jessica
  1128 | D:2      | Killed Jessica
  1129 | D:2      | Gained mutation: You are partially covered in slimy green
                  | scales. (AC +2) [demonic ancestry]
  1129 | D:2      | Reached XP level 3. HP: 7/29 MP: 3/3
  1721 | D:3      | Reached ** piety under Trog
  1892 | D:3      | Reached XP level 4. HP: 25/37 MP: 4/4
  1966 | D:3      | Identified the +4 dagger "Nuleq" {flame, Fragile rN+ Dex+5}
  1987 | D:3      | Found Zunweal's Antique Armour Boutique.
  1994 | D:3      | Found Eluqueda's Assorted Antiques.
  2041 | D:3      | Bought a ring mail for 108 gold pieces
  2060 | D:3      | Found Cehu's Jewellery Shop.
  2238 | D:3      | Found Hiem's Armour Emporium.
  2278 | D:3      | Found Pissit's Weapon Shoppe.
  2686 | D:4      | Reached skill level 1 in Stealth
  2765 | D:4      | Reached XP level 5. HP: 42/42 MP: 5/5
  2790 | D:4      | Reached skill level 4 in Short Blades
  3016 | D:4      | Noticed Blork the orc
  3027 | D:4      | Killed Blork the orc
  3139 | D:4      | Gained mutation: You are mostly covered in slimy green
                  | scales. (AC +3) [demonic ancestry]
  3139 | D:4      | Reached XP level 6. HP: 3/48 MP: 6/6
  3607 | D:4      | Found a staircase to the Ecumenical Temple.
  3637 | D:4      | Found a radiant altar of Vehumet.
  3797 | D:5      | Entered Level 5 of the Dungeon
  3990 | D:5      | Found an iron altar of Okawaru.
  4011 | D:5      | Reached XP level 7. HP: 38/54 MP: 7/7
  4222 | D:5      | Reached skill level 5 in Short Blades
  4950 | D:6      | Reached skill level 6 in Short Blades
  4950 | D:6      | Gained mutation: Spells you cast may paralyse adjacent
                  | enemies. [demonic ancestry]
  4950 | D:6      | Reached XP level 8. HP: 61/61 MP: 8/8
  5102 | D:6      | Noticed Sigmund
  5127 | D:6      | Reached *** piety under Trog
  5201 | D:6      | Slain by an orc warrior

Illustrated notes

Levels and vault maps discovered:
D:1:      amcnicky_arrival_underground_garden, layout_loops_corners,
          hellmonk_ecumenical_altar_watching_god, minmay_misc_feat_nine_boxes
D:2:      layout_rooms, uniq_jessica
D:3:      layout_basic, lemuel_crystal_altar, serial_shops, shop,
          nicolae_shop_crystal, nicolae_shop_waterfront,
          nicolae_shop_pleasant_corner_grove, nicolae_square_shop
D:4:      layout_loops_ring, nicolae_vehumet_radiance,
          minmay_temple_entry_butterflies, uniq_blork_the_orc
D:5:      layout_basic, okawaru_ov_weapons_minmay,
          chequers_serial_rivers_small_a
D:6:      layout_loops_corners, nemelex_diamond_rough_becter,
          nicolae_ru_the_path_less_chosen, serial_aquarium,
          aquarium_bridge_square [aquarium_subvault_window,
          aquarium_subvault_wall, aquarium_subvault_bridge,
          aquarium_subvault_bridge], aquarium_bridge_square
          [aquarium_subvault_window, aquarium_subvault_bridge,
          aquarium_subvault_balcony, aquarium_subvault_wall],
          aquarium_window_fake, aquarium_window_corridor_3, aquarium_window_2,
          aquarium_view_2g, aquarium_view_2a, aquarium_pool_side, uniq_pikel,
          uniq_sigmund, uniq_edmund

Skill      XL: |  1  2  3  4  5  6  7  8 |
---------------+-------------------------+-----
Short Blades   | 3 4 6 |  6.2
Dodging        | 2 3 4 |  4.0
Armour         | 2 3 4 |  4.5
Stealth        | 1 |  1.9
Fighting       | 4 |  4.8

Action                     |  1- 3 |  4- 6 |  7- 9 || total
---------------------------+-------+-------+-------++-------
  Melee: Short sword       |    73 |       |       ||    73
         Punch             |     1 |     1 |     3 ||     5
         Dagger            |    54 |   206 |   166 ||   426
 Invoke: Berserk           |       |     2 |     2 ||     4
    Use: Potion            |       |     1 |     2 ||     3
         Scroll            |       |       |     2 ||     2
   Stab: Sleeping          |       |     1 |       ||     1
         Distracted        |       |       |     1 ||     1
 Armour: Animal skin       |    29 |       |       ||    29
         Ring mail         |       |    52 |    75 ||   127
  Dodge: Dodged            |    62 |    84 |    69 ||   215
